Map: Jagannatha LE

Players

AGOElazer (Elazer) - Winner!

  • Race: Zerg Zerg
  • League: Grandmaster

MaxPax

  • Race: Protoss Protoss
  • League: Grandmaster

Event: DreamHack SC2 Masters 2021 Summer

VOD

Have the link to the VOD?

Description

Time

  • Played on: June 4, 2021, 9:17 a.m.
  • Length: 14:54

All games in this series

Show
View Real Time Build Order
Export as new Build Order

AGOElazer Zerg - Winner!

Build Orders: Hatch First 

Get SALT Encoding   

  12  0:00  Drone  
  13  0:12  Overlord  
  13  0:17  Drone  
  14  0:31  Drone x2  
  16  0:43  Drone  
  17  0:52  Hatchery  
  17  0:55  Drone  
  17  0:59  Drone  
  18  1:09  Extractor  
  17  1:13  Spawning Pool  
  16  1:19  Drone  
  16  1:21  Drone  
  18  1:28  Drone  
  19  1:38  Drone  
  20  1:49  Overlord  
  20  1:59  Queen  
  22  2:03  Queen  
  22  2:04  Drone, Zergling x2  
  26  2:12  Metabolic Boost, Zergling x2  
  26  2:15  Drone  
  28  2:22  Drone  
  29  2:26  Drone  
  30  2:32  Drone  
  30  2:36  Drone  
  32  2:42  Hatchery  
  31  2:47  Queen  
  33  2:52  Overlord  
  33  2:56  Drone  
  34  3:00  Queen  
  36  3:05  Overlord  
  36  3:10  Drone x2  
  38  3:13  Drone x2  
  38  3:14  Drone  
  38  3:17  Drone  
  38  3:19  Drone  
  43  3:21  Drone  
  43  3:26  Queen  
  47  3:34  Drone  
  47  3:35  Drone  
  47  3:36  Spore Crawler  
  47  3:38  Drone x2  
  47  3:41  Zergling x4  
  51  3:46  Overlord  
  51  3:48  Drone  
  52  3:55  Drone x2  
  54  3:56  Roach Warren  
  54  3:57  Overlord  
  53  4:04  Zergling x8  
  53  4:09  Overlord  
  57  4:15  Zergling x10  
  62  4:20  Overlord  
  62  4:23  Zergling x2  
  63  4:27  Zergling x6  
  66  4:38  Roach x6  
  78  4:42  Roach x2  
  80  4:48  Zergling x8  
  80  4:52  Roach  
  86  5:00  Overlord  
  86  5:02  Roach  
  86  5:04  Zergling x4  
  90  5:08  Overlord  
  83  5:15  Overlord  
  83  5:16  Roach  
  83  5:17  Zergling x2  
  83  5:18  Zergling x8  
  79  5:23  Roach  
  79  5:27  Zergling x8  
  84  5:36  Spore Crawler  
  84  5:37  Spore Crawler, Overlord  
  84  5:38  Drone x7  
  89  5:44  Overlord  
  89  5:45  Drone x2  
  91  5:52  Drone  
  91  5:55  Drone  
  93  6:00  Drone  
  93  6:02  Drone, Lair  
  95  6:06  Extractor  
  95  6:08  Drone x2  
  95  6:09  Drone, Extractor  
  95  6:10  Drone  
  97  6:12  Drone, Evolution Chamber  
  97  6:13  Drone  
  97  6:14  Hatchery  
  97  6:17  Drone x3  
  100  6:23  Overlord  
  100  6:24  Drone x3  
  103  6:27  Extractor  
  103  6:28  Drone  
  103  6:29  Drone  
  103  6:32  Extractor, Overlord  
  103  6:33  Extractor  
  103  6:35  Drone, Baneling Nest  
  101  6:40  Zerg Missile Weapons Level 1, Overlord  
  101  6:41  Drone  
  101  6:43  Overlord  
  101  6:44  Drone  
  102  6:49  Roach x3  
  102  6:53  Roach x2  
  110  6:56  Overlord  
  110  6:59  Roach  
  110  7:00  Roach  
  113  7:02  Zergling x4  
  113  7:04  Overlord  
  113  7:07  Queen  
  115  7:11  Roach x3  
  115  7:13  Zergling x4  
  120  7:16  Zergling x4  
  120  7:20  Zergling x4  
  112  7:25  Zergling x6  
  112  7:29  Overlord  
  109  7:32  Queen  
  109  7:34  Drone x3  
  109  7:35  Drone  
  109  7:36  Drone x2  
  117  7:37  Glial Reconstitution  
  118  7:44  Drone x3  
  118  7:50  Pneumatized Carapace, Overseer  
  120  7:51  Drone x4  
  120  7:53  Overseer  
  120  7:56  Overlord  
  120  7:58  Drone x2  
  126  8:00  Drone  
  126  8:02  Drone  
  126  8:04  Drone  
  126  8:05  Drone x2  
  131  8:07  Drone  
  131  8:12  Overlord  
  132  8:19  Drone x3  
  136  8:20  Drone x6  
  136  8:25  Centrifical Hooks  
  136  8:26  Infestation Pit  
  140  8:30  Drone x4  
  144  8:37  Zerg Melee Weapons Level 1  
  144  8:38  Overlord  
  144  8:47  Hatchery  
  143  8:50  Extractor  
  143  8:54  Roach x5  
  152  8:56  Hatchery  
  152  8:57  Overseer  
  152  8:59  Ravager x3  
  152  9:00  Ravager  
  152  9:01  Roach x3  
  162  9:03  Ravager  
  162  9:06  Hive  
  162  9:16  Zergling x22  
  173  9:20  Zergling x12  
  179  9:25  Zergling x10  
  179  9:34  Drone x5  
  180  9:41  Burrow  
  180  9:44  Overlord  
  177  9:46  Drone  
  177  9:48  Spire, Evolution Chamber  
  177  9:52  Drone x2  
  165  9:53  Drone x3  
  165  9:56  Ravager x3  
  165  9:58  Roach x5  
  165  9:59  Roach x3  
  187  10:01  Roach  
  189  10:12  Drone x3  
  190  10:15  Baneling  
  190  10:16  Baneling x16, Zerg Missile Weapons Level 2  
  188  10:21  Drone x7  
  188  10:22  Zergling x2  
  188  10:26  Adrenal Glands  
  197  10:28  Drone x2, Extractor  
  197  10:29  Drone  
  198  10:35  Zerg Melee Weapons Level 2  
  198  10:42  Baneling x7  
  198  10:43  Baneling  
  198  10:49  Baneling x4  
  198  10:50  Overlord x2  
  198  11:03  Zergling x4  
  199  11:06  Greater Spire  
  197  11:12  Roach x6  
  197  11:15  Drone x10  
  185  11:30  Roach x11  
  197  11:33  Zergling x4  
  197  11:37  Baneling  
  197  11:38  Baneling x16  
  199  11:47  Spine Crawler  
  199  11:48  Spine Crawler  
  199  11:51  Spine Crawler  
  196  11:54  Spine Crawler  
  196  11:56  Viper x2  
  196  11:58  Zergling x38  
  191  12:09  Zergling x18  
  200  12:19  Baneling x9  
  200  12:25  Spore Crawler  
  200  12:26  Baneling x22  
  191  12:42  Baneling x9  
  189  12:50  Zergling x28  
  187  12:59  Zergling x16  
  187  13:00  Zergling x10  
  187  13:03  Baneling x4  
  187  13:21  Zergling x24  
  187  13:22  Zergling x2  
  186  13:27  Roach x4  
  186  13:28  Roach  
  186  13:30  Ravager x4  
  186  13:31  Baneling x14  
  186  13:32  Baneling  
  191  13:48  Zergling x2  
  191  13:49  Zergling x14  
  172  13:56  Roach x8  
  172  13:57  Roach x6  
  172  14:00  Roach x2  
  167  14:05  Ravager  
  167  14:06  Ravager x3  
  167  14:08  Zergling x24  
  167  14:09  Zergling x4  
  169  14:22  Zergling x14  
  133  14:26  Roach x2  
  133  14:30  Roach x2  
  127  14:34  Roach x2  
Show
View Real Time Build Order
Export as new Build Order

MaxPax Protoss 

Build Orders: 1 Gate Expand, Mass Adepts 

Get SALT Encoding   

  12  0:00  Probe  
  13  0:12  Probe  
  14  0:20  Pylon  
  14  0:24  Probe  
  15  0:38  Probe (Chrono Boost)  
  15  0:39  Gateway  
  16  0:49  Probe (Chrono Boost)  
  17  0:53  Probe (Chrono Boost), Assimilator  
  18  1:04  Probe  
  19  1:16  Probe  
  20  1:28  Nexus  
  20  1:37  Cybernetics Core  
  20  1:39  Probe  
  21  1:46  Assimilator  
  21  1:51  Probe  
  21  1:54  Pylon  
  22  2:03  Probe (Chrono Boost)  
  23  2:11  Adept (Chrono Boost)  
  23  2:15  Probe (Chrono Boost), Warp Gate  
  26  2:21  Probe (Chrono Boost)  
  27  2:23  Twilight Council  
  27  2:30  Probe  
  27  2:35  Stalker  
  30  2:40  Probe  
  30  2:43  Probe  
  32  2:52  Robotics Facility  
  32  2:59  Gateway  
  32  3:06  Gateway  
  32  3:11  Gateway  
  32  3:13  Resonating Glaives (Chrono Boost)  
  32  3:16  Probe x2  
  34  3:24  Adept  
  36  3:31  Pylon  
  37  3:36  Warp Prism (Chrono Boost)  
  37  3:40  Probe  
  39  3:42  Probe  
  40  3:56  Probe x2  
  42  4:03  Adept x3  
  42  4:06  Adept  
  52  4:20  Pylon  
  52  4:21  Pylon  
  50  4:29  Adept x2  
  54  4:39  Adept x2  
  54  4:42  Probe x2  
  58  4:53  Adept x2  
  58  4:54  Probe  
  58  4:55  Probe  
  58  4:59  Observer, Pylon, Adept x2  
  69  5:02  Pylon  
  69  5:08  Probe  
  64  5:15  Adept x2  
  64  5:16  Probe  
  57  5:24  Probe  
  57  5:28  Probe  
  53  5:29  Immortal (Chrono Boost)  
  55  5:38  Nexus  
  55  5:40  Pylon  
  55  5:41  Adept x2  
  59  5:45  Adept  
  59  5:47  Probe x2  
  62  5:51  Assimilator  
  62  5:53  Assimilator  
  62  6:00  Adept  
  68  6:05  Probe, Observer, Immortal (Chrono Boost)  
  68  6:07  Probe  
  70  6:15  Adept x2  
  70  6:17  Adept  
  76  6:19  Probe  
  76  6:22  Probe  
  78  6:31  Probe, Forge, Adept  
  81  6:35  Probe  
  81  6:39  Adept x2  
  86  6:41  Adept  
  86  6:44  Shield Battery  
  88  6:51  Probe x2  
  88  6:52  Probe  
  88  6:54  Adept  
  91  6:55  Blink (Chrono Boost)  
  89  7:03  Probe  
  90  7:09  Probe  
  91  7:19  Robotics Bay  
  91  7:21  Probe  
  84  7:24  Probe  
  84  7:28  Probe, Sentry  
  84  7:29  Sentry x2  
  84  7:34  Assimilator  
  84  7:36  Assimilator  
  84  7:37  Probe x2, Protoss Ground Weapons Level 1 (Chrono Boost), Shield Battery  
  83  7:40  Gateway, Pylon  
  83  7:41  Gateway  
  84  7:45  Probe  
  84  7:47  Shield Battery  
  84  7:49  Probe x2  
  87  7:57  Probe  
  88  8:00  Gateway  
  88  8:01  Probe  
  88  8:02  Gateway  
  88  8:03  Stalker x2, Sentry  
  95  8:06  Disruptor (Chrono Boost)  
  95  8:11  Stalker  
  100  8:20  Shield Battery  
  100  8:24  Gravitic Drive  
  100  8:31  Photon Cannon  
  100  8:32  Disruptor (Chrono Boost)  
  103  8:45  Pylon  
  103  8:50  Stalker x3  
  103  8:52  Sentry  
  111  8:56  Colossus (Chrono Boost)  
  117  9:04  Photon Cannon  
  117  9:09  Stalker x4  
  125  9:17  Pylon  
  125  9:32  Stalker x2  
  125  9:33  Colossus (Chrono Boost)  
  127  9:39  Stalker  
  129  9:53  Protoss Ground Weapons Level 2 (Chrono Boost)  
  129  9:56  Nexus  
  129  9:58  Pylon  
  129  10:00  Photon Cannon  
  129  10:12  Colossus (Chrono Boost)  
  129  10:15  Stalker x2  
  129  10:17  Pylon  
  129  10:18  Pylon  
  139  10:22  Extended Thermal Lance  
  139  10:24  Pylon  
  139  10:30  Photon Cannon  
  139  10:34  Pylon  
  139  10:38  Photon Cannon, Sentry  
  139  10:39  Pylon, Stalker x5  
  151  10:43  Stalker  
  153  10:52  Adept  
  151  11:05  Templar Archives  
  151  11:06  Gateway  
  151  11:09  Gateway  
  157  11:19  Observer (Chrono Boost)  
  152  11:35  Pylon x2  
  152  11:36  Pylon  
  152  11:37  Pylon  
  152  11:43  Charge  
  152  11:50  Photon Cannon  
  152  11:52  Pylon  
  152  12:00  Photon Cannon  
  152  12:02  Nexus  
  152  12:03  Pylon  
  144  12:12  High Templar x6, Pylon  
  144  12:13  High Templar x2  
  144  12:15  Zealot x2  
  164  12:17  Archon x4  
  164  12:35  Photon Cannon  
  162  12:37  Stalker x2  
  162  12:40  Photon Cannon  
  164  12:49  Stalker x4  
  171  12:55  Probe  
  171  12:56  Probe  
  171  12:57  Adept x4  
  158  13:31  High Templar x4  
  158  13:32  Zealot x5  
  176  13:35  Archon x2  
  140  14:01  Stalker x4  
  122  14:04  Stalker  
  83  14:36  Stalker x3  
  83  14:37  Stalker x2  
Tags
 
Add a new tag
Caveats
  • Supply blocks, unpowered buildings, or Contaminate may cause inaccurate times.
  • Supply counts are checked every 10 seconds.